 Dungeon Crawl Stone Soup version 0.24.0-37-gcf1ca852f1 (webtiles) character file.

Game seed: 17931828494033988719, levelgen mode: deterministic

13194 grindst0ne the Octopoid Aeon (level 12, -1/81 HPs)
             Began as an Octopode Fighter on Nov 25, 2019.
             Was the Champion of Cheibriados.
             Engulfed by a cloud of freezing vapour (18 damage)
             ... in an ice cave.
             The game lasted 00:24:54 (13003 turns).

grindst0ne the Octopoid Aeon (Octopode Fighter)    Turns: 13003, Time: 00:24:54

Health: -1/81      AC:  1    Str: 30    XL:     12   Next: 3%
Magic:  19/19      EV: 28    Int: 29    God:    Cheibriados [******]
Gold:   449        SH: 11    Dex: 31    Spells: 11/11 levels left

rFire    . . .     SeeInvis .   J - +2 broad axe (venom)
rCold    + + .     Gourm    .   F - +2 buckler {rC+}
rNeg     + . .     Faith    +   (helmet restricted)
rPois    +         Spirit   .   u - amulet of faith
rElec    .         Reflect  .   i - +3 ring of evasion (curse)
rCorr    .         Harm     .   j - +3 ring of dexterity
MR       .....                  a - ring of ice
Stlth    +++++.....             v - ring of flight
HPRegen  0.23/turn              x - ring of positive energy
MPRegen  0.16/turn              s - ring of protection from cold
                                D - ring of poison resistance
                                K - ring of fire

@: very slow
A: almost no armour, stealthy swim, amphibious, 8 rings, constrict 8, camouflage
1, gelatinous body 1
a: Bend Time, Temporal Distortion, Slouch, Step From Time, Renounce Religion,
Evoke Flight


You were in an ice cave.
You worshipped Cheibriados.
Cheibriados was exalted by your worship.
You were not hungry.

You visited 3 branches of the dungeon, and saw 13 of its levels.
You also visited: Sewer and Ice Cave.

You collected 645 gold pieces.
You spent 196 gold pieces at shops.

Inventory:

Hand Weapons
 y - a +1 dagger of flaming
 J - a +2 broad axe of venom (weapon)
Missiles
 o - 19 poisoned darts
 p - 3 atropa-tipped darts
 A - 3 curare-tipped darts (quivered)
Armour
 b - a +0 shield
 F - a +2 buckler of cold resistance (worn)
Jewellery
 a - a ring of ice (on tentacle)
 f - a +3 amulet of reflection {unknown}
 i - a cursed +3 ring of evasion (left tentacle)
 j - a +3 ring of dexterity (right tentacle)
 s - a ring of protection from cold (on tentacle)
 u - an amulet of faith (around mantle)
 v - a ring of flight (on tentacle)
 x - a ring of positive energy (on tentacle)
 D - a ring of poison resistance (on tentacle)
 G - a cursed -2 ring of intelligence {unknown}
 K - a ring of fire (on tentacle)
Wands
 l - a wand of paralysis (6)
 t - a wand of iceblast (11)
 B - a wand of flame (12)
 I - a wand of disintegration (9)
Scrolls
 g - 2 scrolls of magic mapping
 k - a scroll of enchant armour
 m - 5 scrolls of enchant weapon
 n - 4 scrolls of amnesia
 q - 2 scrolls of fog
 r - 3 scrolls of remove curse
 L - a scroll of brand weapon {unknown}
Potions
 c - 4 potions of curing
 e - a potion of might
 w - 2 potions of resistance
 z - a potion of mutation
 C - 2 potions of flight
 E - a potion of cancellation
Comestibles
 d - 13 rations


   Skills:
 - Level 7.1 Fighting
 + Level 4.5 Axes
 + Level 9.9 Dodging
 - Level 6.0 Stealth
 + Level 10.0 Shields
 * Level 10.4 Invocations
 + Level 4.2 Evocations


You had 11 spell levels left.
You didn't know any spells.
Your spell library contained the following spells:

 Spells                   Type           Power        Failure   Level  Hunger
 Confusing Touch          Hex            #.....       11%         1    ##.....
 Confuse                  Hex            #.......     30%         3    ####...
 Gell's Gravitas          Tloc           #.........   30%         3    ####...
 Petrify                  Tmut/Erth      #.......     71%         4    #####..
 Metabolic Englaciation   Hex/Ice        #.........   96%         5    ######.
 Yara's Violent Unravell  Hex/Tmut       #.........   96%         5    ######.


Dungeon Overview and Level Annotations

Branches:
Dungeon (10/15)            Temple (1/1) D:4            Lair (2/6) D:9
  Sewer (visited)           IceCv (1/1)
  Swamp: Lair:2-4    Shoals: Lair:2-4     Snake: Lair:2-4    Spider: Lair:2-4
    Orc: D:9-12

Altars:
Ashenzari
Cheibriados
Dithmenos
Elyvilon
Fedhas
Gozag
Hepliaklqana
Kikubaaqudgha
Makhleb
Nemelex Xobeh
Okawaru
Qazlal
Ru
Sif Muna
Trog
Uskayaw
Vehumet
Wu Jian
Xom
Yredelemnul
Zin
The Shining One
Beogh

Shops:
D:7 (*%   D:9 (*[

Annotations:
D:8 3 runed translucent doors, TheWoodenMan's ghost, novice MfSk
D:9 3 runed translucent doors, grindst0ne's ghost, novice GnWn
D:10 Psyche


Innate Abilities, Weirdness & Mutations

You cannot wear most types of armour.
You are very stealthy in the water. (Stealth+)
You are amphibious.
You can wear up to eight rings at the same time.
You can use your tentacles to constrict eight enemies at once.
Your skin changes colour to match your surroundings (Stealth+).
Your rubbery body absorbs attacks. (AC +1, EV +1)


Message History

The ice devil looks as sick as possible!
The ice devil is heavily wounded.
You constrict the ice devil. You block the ice devil's attack.
You slash the ice devil!
The ice devil looks as sick as possible!
You squeeze the ice devil.
You kill the ice devil!
Cheibriados appreciates the change of pace.
Your Shields skill increases to level 10!
You start resting.
HP restored.
You are engulfed in freezing vapours.
You resist.
You are engulfed in freezing vapours.
You resist.
You are engulfed in freezing vapours.
You resist.
You are engulfed in freezing vapours.
You resist.
You are engulfed in freezing vapours.
You resist.
You are engulfed in freezing vapours.
You resist.
* * * LOW HITPOINT WARNING * * *
You are engulfed in freezing vapours.
You resist.
You die...

###.§§☼☼......###
###..§§§..§.##....###
##...≈°§####§§##.....##
##..°☼☼.☼#.☼○☼○..§#....#
##....○.°##☼§§≈☼☼###....#
#....§..##°○§○.§##......#
##.§§§§§.○☼§§#§§.......##
##§§§§§###§§#..###...##
###§§#@§§§§#... #####
####.§§§§#....
###.§.☼..##. ###.....
###.## .2.


There were no monsters in sight!

Vanquished Creatures
  A hydra (Lair:1)
  2 ice statues (IceCv)
  10 ice devils (IceCv)
  A komodo dragon (Lair:1)
  Grinder (D:4)
  4 blink frogs (Lair:1)
  2 hippogriffs
  Sigmund (D:2)
  3 basilisks
  11 yaks
  A hungry ghost (D:9)
  Menkaure (D:6)
  3 water moccasins
  Duvessa (D:6)
  4 porcupines
  5 orc warriors
  A sky beast (D:5)
  2 ice beasts
  2 phantoms
  A black bear (D:9)
  6 ogres
  6 crocodiles
  A centaur (D:7)
  Blork the orc (D:6)
  3 big kobolds
  6 bullfrogs
  A wyvern zombie (D:9)
  Dowan (D:6)
  A wyvern skeleton (D:6)
  3 scorpions
  6 killer bees (D:9)
  3 wights (D:8)
  3 crimson imps
  A centaur zombie (D:5)
  5 orc wizards
  A quasit (D:7)
  5 hounds
  6 orc priests
  2 centaur skeletons
  A jelly (D:9)
  Ijyb (D:5)
  2 iguanas
  4 worker ants
  2 hound zombies (D:5)
  A hound skeleton (D:7)
  A worker ant zombie (D:5)
  Robin (D:2)
  A howler monkey zombie (D:7)
  5 gnolls
  13 adders
  2 river rats (Sewer)
  A shadow imp (D:8)
  7 white imps (IceCv)
  6 ufetubi (IceCv)
  3 oozes
  An adder zombie (D:7)
  A worm (D:2)
  A dart slug (D:1)
  7 leopard geckos
  46 orcs
  6 giant cockroaches
  9 goblins
  5 hobgoblins (D:2)
  4 jackals
  20 kobolds
  2 quokkas
  A ball python (D:4)
  3 bats
  2 frilled lizards (D:2)
  A jackal skeleton (D:6)
  A leopard gecko zombie (D:9)
  A quokka skeleton (D:8)
  8 rats
  A fungus (Lair:1)
289 creatures vanquished.

Vanquished Creatures (others)
  A bullfrog (Lair:1)
  A white imp (IceCv)
  4 ufetubi (IceCv)
  A bush (D:9)
  6 fungi (D:9)
  14 plants
27 creatures vanquished.

Grand Total: 316 creatures vanquished

Notes
Turn   | Place    | Note
-------+----------+-------------------------------------------
     0 | D:1      | grindst0ne the Octopode Fighter began the quest for the
                  | Orb.
     0 | D:1      | Reached XP level 1. HP: 16/16 MP: 1/1
   155 | D:1      | Reached skill level 1 in Stealth
   155 | D:1      | Reached XP level 2. HP: 21/21 MP: 2/2
   379 | D:1      | Reached XP level 3. HP: 26/26 MP: 3/3
   732 | D:2      | Noticed Sigmund
  1190 | D:3      | Found a faded altar of an unknown god.
  1224 | D:3      | Reached XP level 4. HP: 29/31 MP: 4/4
  1747 | D:4      | Found a staircase to the Ecumenical Temple.
  1757 | Temple   | Entered the Ecumenical Temple
  1838 | Temple   | Became a worshipper of Cheibriados the Contemplative
  2124 | D:4      | Reached XP level 5. HP: 26/37 MP: 5/5
  2415 | D:4      | Found an ornate altar of the Wu Jian Council.
  2425 | D:4      | Found a basalt altar of Yredelemnul.
  2459 | D:4      | Noticed Grinder
  2495 | D:4      | Paralysed by Grinder for 2 turns
  2500 | D:4      | Killed Grinder
  2500 | D:4      | Reached XP level 6. HP: 18/44 MP: 6/6
  2810 | D:2      | Reached * piety under Cheibriados
  2933 | D:2      | Killed Sigmund
  2933 | D:2      | Reached skill level 5 in Stealth
  2933 | D:2      | Reached XP level 7. HP: 36/49 MP: 7/7
  3270 | D:2      | Found a bloodstained altar of Trog.
  3452 | D:2      | Noticed Robin
  3463 | D:2      | Killed Robin
  3601 | D:5      | Entered Level 5 of the Dungeon
  3643 | D:5      | Reached skill level 5 in Fighting
  3643 | D:5      | Reached skill level 5 in Dodging
  3643 | D:5      | Reached skill level 5 in Shields
  3889 | D:5      | Noticed Ijyb
  3898 | D:5      | Killed Ijyb
  3916 | D:5      | Reached XP level 8. HP: 55/55 MP: 8/8
  4123 | D:5      | Reached ** piety under Cheibriados
  4973 | D:6      | Found a glowing drain.
  4985 | Sewer    | Entered a sewer
  5071 | Sewer    | Reached *** piety under Cheibriados
  5100 | Sewer    | Found a white marble altar of Elyvilon.
  5274 | D:6      | Noticed Blork the orc
  5281 | D:6      | Killed Blork the orc
  5317 | D:6      | Noticed Duvessa
  5319 | D:6      | Noticed Dowan
  5327 | D:6      | Killed Duvessa
  5385 | D:6      | Killed Dowan
  5682 | D:6      | Noticed Menkaure
  5686 | D:6      | Killed Menkaure
  5686 | D:6      | Reached XP level 9. HP: 36/63 MP: 9/9
  6519 | D:7      | Found Atebbuakh's Food Shoppe.
  6544 | D:7      | Found Winox's General Store.
  6824 | D:7      | Found Satosmug's Weapon Shoppe.
  6934 | D:7      | Reached **** piety under Cheibriados
  6952 | D:7      | Reached skill level 1 in Invocations
  7242 | D:7      | Found a sacrificial altar of Ru.
  7243 | D:7      | Found an ancient bone altar of Kikubaaqudgha.
  7511 | D:8      | Found a runed translucent gate.
  7511 | D:8      | Found a runed translucent gate.
  7511 | D:8      | Found a runed translucent gate.
  7663 | D:8      | Reached ***** piety under Cheibriados
  7939 | D:8      | Noticed TheWoodenMan's ghost (novice MfSk)
  7987 | D:8      | Reached XP level 10. HP: 53/71 MP: 13/13
  8145 | D:8      | Reached skill level 5 in Invocations
  8367 | D:8      | Found a roughly hewn altar of Beogh.
  8572 | D:9      | Found Ruisesch's General Store.
  8615 | D:9      | Found a runed translucent gate.
  8616 | D:9      | Found a runed translucent gate.
  8618 | D:9      | Found a runed translucent gate.
  8623 | D:9      | Noticed grindst0ne's ghost (novice GnWn)
  8902 | D:9      | Found Pagad's Antique Armour Shop.
  9165 | D:9      | Reached ****** piety under Cheibriados
  9369 | D:9      | Found a staircase to the Lair.
  9718 | D:9      | Found Hitwoggis's Antique Weapon Emporium.
  9726 | D:9      | Bought a runed broad axe for 196 gold pieces
  9888 | D:10     | Entered Level 10 of the Dungeon
  9888 | D:10     | Noticed Psyche
 10076 | Lair:1   | Entered Level 1 of the Lair of Beasts
 10101 | Lair:1   | Reached XP level 11. HP: 75/75 MP: 17/17
 10110 | Lair:1   | Reached skill level 1 in Evocations
 10179 | Lair:1   | Noticed an eight-headed hydra
 10191 | Lair:1   | Killed an eight-headed hydra
 11598 | Lair:2   | Found a frozen archway.
 11611 | IceCv    | Entered an ice cave
 12300 | IceCv    | Reached skill level 10 in Invocations
 12657 | IceCv    | Noticed a reaper
 12848 | IceCv    | Reached XP level 12. HP: 48/81 MP: 19/19
 12851 | IceCv    | Reached skill level 10 in Shields
 13003 | IceCv    | Engulfed by a cloud of freezing vapour

Levels and vault maps discovered:
D:1:      dpeg_arrival_tiny_f, layout_loops_ring
D:2:      layout_basic, lightli_temple_of_fire, minmay_crystal_water,
          uniq_sigmund, uniq_robin
D:3:      layout_basic, first_ration, chequers_ecumenical_altar_simple,
          grunt_ministairs_15
D:4:      layout_cave_pools, grunt_temple_overflow_open,
          minmay_temple_entry_large_hall, uniq_grinder
D:5:      layout_basic, uniq_ijyb
D:6:      layout_basic, gup_sewer_entry_pipe, uniq_menkaure, uniq_duvessa,
          uniq_blork_the_orc
D:7:      minmay_chambers_of_sevens, layout_cave_pods,
          gammafunk_temple_overflow_statue, serial_shops,
          nicolae_shop_behind_doors, shop, nicolae_shop_crystal
D:8:      layout_loops_ring, gammafunk_ghost_icy, special_room
          [special_room_orc]
D:9:      layout_stronghold, minmay_lair_entry_grove, gammafunk_ghost_spectres,
          serial_shops, nicolae_shop_crystal, nicolae_shop_behind_doors, shop
D:10:     layout_loops_ring, orc_0_dummy, the_bakery, minmay_lizard_king,
          uniq_psyche, uniq_urug
Temple:   minmay_crystal_spiral_temple
Lair:1:   layout_layer_cave, lemuel_old_faithful, grunt_megastairs_5
Lair:2:   layout_layer_cave, portal_ice_cave_entry_pillars_1, minmay_holes,
          kennysheep_snail_temple, serial_bayou_shore_b
IceCv:    ice_cave_small_demon

Skill      XL: |  1  2  3  4  5  6  7  8  9 10 11 12 |
---------------+-------------------------------------+-----
Stealth        | 1 2 3 4 5 6 |  6.0
Fighting       | 4 5 6 7 |  7.1
Dodging        | 4 5 6 7 9 |  9.9
Shields        | 4 5 6 7 9 10 | 10.0
Invocations    | 4 8 10 | 10.4
Evocations     | 4 |  4.2
Axes           | 4 |  4.5

Action                   |  1- 3 |  4- 6 |  7- 9 | 10-12 || total
-------------------------+-------+-------+-------+-------++-------
Melee: War axe           |     6 |       |       |       ||     6
       Constrict         |    14 |    16 |    62 |    61 ||   153
       Hand axe          |    37 |    62 |   246 |   148 ||   493
       Tentacles         |     5 |    13 |    93 |   147 ||   258
       Broad axe         |       |       |       |   143 ||   143
Throw: Dart              |       |       |     2 |     3 ||     5
Invok: Temporal Distorti |       |       |     1 |       ||     1
       Slouch            |       |       |       |     3 ||     3
Evoke: Wand              |       |       |       |     2 ||     2
  Use: Potion            |       |     6 |     4 |     3 ||    13
       Scroll            |       |       |    12 |     2 ||    14
 Stab: Sleeping          |     8 |     7 |    23 |    15 ||    53
       Distracted        |       |       |     1 |       ||     1
  Eat: Chunk             |       |     6 |     8 |     8 ||    22
       Ration            |       |       |       |     1 ||     1
Armor: Skin              |     4 |     6 |     6 |     1 ||    17
Dodge: Dodged            |    17 |    21 |   173 |   207 ||   418
Block: Shield            |    16 |    23 |   154 |   196 ||   389
       Buckler           |       |       |       |    14 ||    14
